Map: King's Cove LE

Players

Bunny - Winner!

  • Race: Terran Terran
  • League: Diamond
  • Spawn Location: 11:00

eonblu

  • Race: Zerg Zerg
  • League: Grandmaster
  • Spawn Location: 5:00

Event: HomeStory Cup XIX

VOD

Have the link to the VOD?

Description

Time

  • Played on: June 28, 2019, 6:33 a.m.
  • Length: 10:01

All games in this series

Show
View Real Time Build Order
Export as new Build Order

Bunny Terran - Winner!

Build Orders: Liberator Opening, Reaper Expand 

Get SALT Encoding   

  12  0:00  SCV  
  13  0:12  SCV  
  14  0:17  Supply Depot  
  14  0:25  SCV  
  15  0:39  SCV  
  15  0:40  Barracks  
  16  0:44  Refinery  
  16  0:51  SCV  
  17  1:03  SCV  
  18  1:15  SCV  
  19  1:28  Orbital Command, Reaper  
  20  1:42  Command Center  
  20  1:53  Supply Depot  
  20  1:55  SCV  
  20  2:00  Marine  
  22  2:07  SCV  
  23  2:10  Factory  
  22  2:16  Refinery  
  22  2:19  SCV  
  23  2:23  Barracks Reactor  
  23  2:31  SCV  
  24  2:43  SCV  
  25  2:55  Starport  
  25  2:56  SCV  
  26  3:00  Orbital Command  
  26  3:03  Hellion  
  26  3:04  Barracks Tech Lab  
  28  3:06  Hellion  
  28  3:09  SCV  
  31  3:18  Liberator  
  31  3:21  SCV  
  31  3:25  Hellion  
  34  3:27  SCV, Hellion  
  36  3:37  SCV  
  36  3:39  SCV  
  41  3:44  Supply Depot  
  41  3:46  Marine  
  42  3:51  Hellion  
  42  3:53  Hellion  
  46  4:06  SCV x2  
  46  4:08  Supply Depot  
  48  4:22  Stimpack, Command Center  
  48  4:23  SCV  
  48  4:24  SCV  
  48  4:36  Barracks  
  48  4:37  Barracks, SCV x2  
  50  4:40  Factory Reactor  
  50  4:42  Supply Depot  
  50  4:45  Marine  
  51  4:47  Starport Reactor  
  51  4:50  SCV x2  
  53  4:57  Engineering Bay  
  53  5:00  Engineering Bay  
  53  5:04  SCV x2  
  53  5:07  Marine  
  54  5:16  SCV x2  
  55  5:25  Terran Infantry Weapons Level 1, Terran Infantry Armor Level 1  
  55  5:28  SCV x2  
  55  5:30  Marine x3  
  55  5:32  Medivac  
  55  5:33  Factory Tech Lab  
  55  5:35  Marine x2  
  57  5:38  Orbital Command  
  57  5:42  SCV x2  
  59  5:51  Marine x3  
  59  5:53  Siege Tank  
  59  5:56  Refinery  
  65  5:57  SCV x2  
  65  5:58  Medivac  
  65  6:02  Medivac  
  65  6:03  Refinery  
  71  6:07  Orbital Command  
  71  6:09  SCV  
  71  6:10  SCV  
  73  6:12  Supply Depot  
  73  6:18  Marine  
  73  6:19  Marine x4  
  73  6:20  Supply Depot  
  73  6:22  SCV x2  
  80  6:26  Combat Shield  
  80  6:32  Siege Tank  
  83  6:34  SCV x2  
  83  6:39  Marine x5  
  90  6:46  Armory  
  90  6:49  SCV x3  
  93  6:54  Barracks  
  93  6:56  Barracks  
  93  6:57  Refinery  
  93  7:01  SCV x3, Supply Depot  
  96  7:03  Marine x2  
  96  7:04  Marine x3  
  101  7:12  Supply Depot  
  101  7:14  Widow Mine  
  91  7:24  Marine x3  
  91  7:25  Marine x2  
  95  7:30  SCV x3  
  95  7:34  Terran Infantry Weapons Level 2, Terran Infantry Armor Level 2  
  95  7:35  Terran Vehicle And Ship Armor Level 1  
  93  7:41  Supply Depot  
  93  7:42  SCV x3, Supply Depot  
  93  7:43  Medivac  
  98  7:45  Medivac  
  98  7:48  Barracks Reactor  
  98  7:50  Barracks Reactor  
  100  7:51  Marine  
  100  7:52  Marine x4  
  100  7:54  Widow Mine  
  107  8:00  SCV x3  
  110  8:09  Marine x5  
  110  8:10  Factory  
  110  8:11  Refinery  
  110  8:12  SCV  
  116  8:15  Drilling Claws, Widow Mine  
  116  8:19  Factory  
  118  8:27  Barracks  
  118  8:29  Barracks  
  118  8:30  Medivac x2  
  118  8:31  Barracks, Marine x2  
  124  8:36  Supply Depot  
  124  8:41  Marine x5  
  121  8:44  Widow Mine  
  121  8:45  Supply Depot  
  121  8:47  Marine  
  127  8:49  Marine x2  
  127  8:53  Missile Turret  
  127  8:54  Missile Turret  
  128  8:55  Missile Turret  
  128  8:56  Factory Reactor  
  128  9:00  Medivac x2  
  132  9:02  Factory Reactor  
  132  9:11  Command Center  
  132  9:17  Widow Mine  
  134  9:29  Marauder  
  131  9:32  Barracks Reactor  
  131  9:33  Barracks Tech Lab x2  
  130  9:39  Widow Mine x3  
  130  9:40  Widow Mine  
  149  10:00  Supply Depot  
  149  10:01  Supply Depot  
Show
View Real Time Build Order
Export as new Build Order

eonblu Zerg 

Build Orders: Pool First 

Get SALT Encoding   

  12  0:00  Drone  
  13  0:12  Overlord  
  13  0:17  Drone  
  14  0:30  Drone  
  14  0:31  Drone  
  16  0:41  Spawning Pool  
  15  0:45  Drone  
  15  0:48  Drone  
  17  1:11  Hatchery  
  16  1:13  Drone  
  16  1:17  Extractor  
  16  1:18  Drone  
  17  1:28  Zergling x4  
  19  1:34  Queen  
  21  1:43  Overlord  
  21  1:49  Drone  
  22  2:01  Drone  
  23  2:10  Queen  
  23  2:13  Drone  
  26  2:26  Hatchery  
  25  2:30  Drone  
  25  2:32  Drone  
  25  2:35  Drone  
  28  2:39  Drone  
  29  2:45  Overlord  
  29  2:49  Metabolic Boost  
  29  2:54  Drone  
  29  3:00  Queen  
  31  3:06  Drone x2  
  31  3:08  Drone  
  31  3:10  Drone  
  35  3:14  Drone  
  35  3:17  Drone x2  
  38  3:22  Overlord  
  38  3:26  Drone  
  39  3:34  Drone x2  
  40  3:36  Drone  
  40  3:38  Drone  
  40  3:39  Drone  
  44  3:43  Queen  
  44  3:47  Overlord  
  46  3:50  Queen  
  46  3:54  Queen  
  50  3:57  Zergling x2  
  50  3:58  Zergling x2  
  52  4:05  Zergling x2  
  52  4:06  Zergling x6  
  56  4:13  Overlord  
  56  4:15  Drone  
  56  4:16  Drone  
  57  4:24  Baneling Nest  
  56  4:26  Drone  
  56  4:37  Overlord x2  
  56  4:38  Drone x5  
  61  4:45  Drone x3  
  64  4:47  Lair, Extractor  
  64  4:48  Extractor  
  64  4:49  Drone  
  64  4:51  Spore Crawler  
  62  4:53  Drone  
  62  4:54  Drone x2, Spore Crawler  
  62  4:55  Spore Crawler  
  62  4:58  Drone  
  62  4:59  Drone  
  65  5:01  Drone  
  65  5:04  Drone  
  65  5:08  Drone x2  
  67  5:14  Drone x3  
  67  5:20  Drone x2  
  71  5:24  Drone  
  71  5:26  Drone  
  71  5:36  Drone x3  
  71  5:38  Extractor  
  71  5:39  Extractor  
  71  5:41  Drone x2  
  74  5:45  Centrifical Hooks  
  72  5:52  Zergling x2  
  72  5:53  Zergling x12  
  77  6:03  Zergling x2  
  77  6:04  Zergling x8, Evolution Chamber  
  81  6:06  Evolution Chamber  
  81  6:08  Burrow  
  81  6:18  Drone x2, Hatchery  
  81  6:19  Drone  
  81  6:20  Overlord  
  81  6:35  Zerg Ground Armor Level 1, Zerg Melee Weapons Level 1  
  81  6:39  Overlord x2  
  81  6:40  Zergling x2  
  81  6:41  Zergling x10  
  81  6:45  Drone x3  
  90  6:52  Overlord  
  90  6:53  Overlord  
  90  6:59  Baneling x9  
  90  7:00  Baneling x4  
  90  7:01  Zergling x4  
  92  7:02  Zergling x2  
  92  7:12  Zergling x16  
  82  7:31  Drone x5  
  79  7:41  Drone x6  
  79  7:42  Drone x6  
  87  7:48  Zergling x6  
  87  7:50  Baneling x5  
  90  7:55  Zergling x6  
  93  8:02  Zergling x2  
  93  8:03  Zergling x14  
  101  8:18  Hatchery  
  99  8:20  Zergling x8  
  99  8:21  Zergling x8  
  99  8:24  Baneling x4  
  99  8:25  Baneling x7  
  103  8:44  Overlord x4  
  103  8:48  Baneling x7  
  102  8:56  Overlord x2  
  102  9:08  Hatchery  
  101  9:10  Zergling x2  
  101  9:11  Zergling x26  
  110  9:28  Zergling x18  
  110  9:29  Zergling x2  
  107  9:39  Zergling x10  
Tags
 
Add a new tag
Caveats
  • Supply blocks, unpowered buildings, or Contaminate may cause inaccurate times.
  • Supply counts are checked every 10 seconds.